 Dungeon Crawl Stone Soup version 0.19.4-25-g1b72edd (webtiles) character file.

1120 Malhgor the Grappler (level 8, -1/78 HPs)
             Began as a Troll Monk on Feb 28, 2017.
             Slain by a gnoll
             ... wielding a +0 spear
              (2 damage)
             ... on level 6 of the Dungeon.
             The game lasted 00:09:27 (4125 turns).

Malhgor the Grappler (Troll Monk)                   Turns: 4125, Time: 00:09:28

Health: -1/78      AC:  5    Str: 20    XL:     8   Next: 12%
Magic:  7/7        EV: 11    Int:  6    God:
Gold:   273        SH:  0    Dex: 14    Spells: 0 memorised, 7 levels left

rFire  . . .     SeeInvis .       - Unarmed
rCold  . . .     Gourm    +     a - +0 robe
rNeg   . . .     Faith    .     (no shield)
rPois  .         Spirit   .     (helmet restricted)
rElec  .         Reflect  .     (no cloak)
rCorr  .         Harm     .     (gloves unavailable)
MR     .....                    (boots unavailable)
Stlth  ++........               (no amulet)
                                (no ring)
                                (no ring)

@: no status effects
A: unfitting armour, claws 3, fast metabolism 3, gourmand, regeneration 1,
shaggy fur 1, tough skin 2
a: no special abilities


You were on level 6 of the Dungeon.
You were completely stuffed.

You visited 1 branch of the dungeon, and saw 6 of its levels.
You also visited: Sewer.

You collected 273 gold pieces.

Inventory:

Missiles
 g - 7 tomahawks (quivered)
 i - 115 stones
Armour
 a - a +0 robe (worn)
Jewellery
 t - a +5 ring of evasion {unknown}
Scrolls
 e - 3 scrolls of teleportation
 f - 4 scrolls of identify
 h - 2 scrolls of random uselessness
 j - 2 scrolls of immolation
 k - a scroll of enchant weapon {unknown}
 m - 6 scrolls of magic mapping
 o - 2 scrolls of recharging {unknown}
 q - 2 scrolls of enchant armour {unknown}
 u - 3 scrolls of remove curse {unknown}
 v - a scroll of fear {unknown}
 y - a scroll of amnesia {unknown}
Potions
 c - 2 potions of berserk rage
 d - 2 potions of invisibility
 l - a potion of cancellation {unknown}
 p - a potion of heal wounds {unknown}
 s - a potion of brilliance {unknown}
 z - 2 potions of degeneration {unknown}
Miscellaneous
 w - a crystal ball of energy
Comestibles
 b - 4 bread rations
 n - 5 meat rations
 r - 6 fruits
 x - a chunk of flesh


   Skills:
 + Level 3.8 Fighting
 + Level 3.8 Dodging
 - Level 1.0 Stealth
 * Level 8.7 Unarmed Combat


You had 7 spell levels left.
You didn't know any spells.

Dungeon Overview and Level Annotations

Branches:
Dungeon (6/15)
 Temple: D:4-7

Altars:
Trog
Xom

Shops:
D:6 (

Annotations:
D:1 Done
D:2 Done
D:3 Done
D:4 Done
D:5 Pikel


Innate Abilities, Weirdness & Mutations

You are too large for most types of armour.
You have claws for hands.
Your metabolism is lightning-fast.
You like to eat raw meat.
Your natural rate of healing is unusually fast.
You are covered in fur. (AC +1)
You have very tough skin. (AC +2)


Message History

The gnoll barely misses you.
You scratch the gnoll.
The gnoll is lightly wounded.
The gnoll shaman hits you with a club. The gnoll hits you but does no damage.
You scratch the gnoll.
The gnoll is moderately wounded.
The gnoll hits you from afar with a spear.
The gnoll closely misses you. The gnoll shaman hits you with a club!
* * * LOW HITPOINT WARNING * * *
You barely miss the gnoll.
The gnoll is moderately wounded.
The gnoll hits you with a spear!
* * * LOW HITPOINT WARNING * * *
The gnoll hits you but does no damage. The gnoll barely misses you.
You claw the gnoll!
You kill the gnoll!
The gnoll shaman hits you with a club!
* * * LOW HITPOINT WARNING * * *
The gnoll hits you with a spear.
You die...

# # ##. .# .∩# ###.
# #.# #.. #.
#.##.### #. #.....#
####.##....g########
...........)@)g....#
###.##....g######.#
#..<.....#
#..#....##
#.........#
##.#....#.#
#.....##$.. ......#
## .a...##


You could see a gnoll shaman and 2 gnolls.

Vanquished Creatures
  Grinder (D:3)
  Eustachio (D:5)
  A hungry ghost (D:4)
  The ghost of joshperry the Shield-Bearer, an amateur GrFi of Trog (D:4)
  2 bullfrogs (Sewer)
  A howler monkey (D:4)
  A hound (D:3)
  2 orc wizards (D:4)
  A bullfrog skeleton (D:5)
  Terence (D:3)
  An iguana (D:4)
  2 worker ants (D:4)
  2 gnolls (D:6)
  6 adders
  2 dart slugs
  4 leopard geckos
  13 orcs
  6 ball pythons
  10 bats
  6 giant cockroaches
  5 goblins
  9 hobgoblins
  14 jackals
  4 quokkas
  11 frilled lizards
  6 kobolds
  A leopard gecko zombie (D:3)
  4 rats
118 creatures vanquished.

Vanquished Creatures (others)
  A wizard (D:3)
1 creature vanquished.

Grand Total: 119 creatures vanquished

Notes
Turn   | Place    | Note
-------+----------+-------------------------------------------
     0 | D:1      | Malhgor the Troll Monk began the quest for the Orb.
     0 | D:1      | Reached XP level 1. HP: 22/22 MP: 0/0
   134 | D:1      | You fall through a shaft!
   220 | D:2      | Reached XP level 2. HP: 29/29 MP: 1/1
   655 | D:1      | Reached skill level 4 in Unarmed Combat
   982 | D:2      | Reached XP level 3. HP: 36/36 MP: 2/2
  1087 | D:3      | Noticed Grinder
  1102 | D:3      | Paralysed by Grinder for 4 turns
  1111 | D:3      | Killed Grinder
  1111 | D:3      | Reached skill level 6 in Unarmed Combat
  1111 | D:3      | Reached XP level 4. HP: 9/44 MP: 3/3
  1111 | D:3      | Reached XP level 5. HP: 10/50 MP: 4/4
  1296 | D:3      | Reached XP level 6. HP: 59/59 MP: 5/5
  1381 | D:3      | Noticed Terence
  1392 | D:3      | Killed Terence
  1830 | D:2      | Reached skill level 7 in Unarmed Combat
  2513 | D:3      | Found a bloodstained altar of Trog.
  2516 | D:3      | Noticed a wizard
  2521 | D:3      | Killed a wizard
  2797 | D:4      | Noticed joshperry's ghost (amateur GrFi)
  2807 | D:4      | Killed joshperry's ghost
  2828 | D:4      | Found a glowing drain.
  2842 | Sewer    | Entered a sewer
  3075 | Sewer    | Reached XP level 7. HP: 50/67 MP: 6/6
  3530 | D:4      | Reached skill level 8 in Unarmed Combat
  3555 | D:4      | Noticed a hungry ghost
  3632 | D:4      | Killed a hungry ghost
  3683 | D:3      | Found a shimmering altar of Xom.
  3993 | D:5      | Entered Level 5 of the Dungeon
  4046 | D:5      | Noticed Eustachio
  4065 | D:5      | Killed Eustachio
  4065 | D:5      | Reached XP level 8. HP: 68/78 MP: 7/7
  4103 | D:5      | Noticed Pikel
  4112 | D:6      | Found Ynuiwa's Antique Weapon Shop.
  4125 | D:6      | HP: 1/78 [gnoll shaman/club (10)]
  4125 | D:6      | Slain by a gnoll

Skill      XL: |  1  2  3  4  5  6  7 |
---------------+----------------------+-----
Unarmed Combat | 4 6 7 8 |  8.7
Fighting       | 3 |  3.8
Dodging        | 3 |  3.8
Stealth        | |  1.0

Action                   |  1- 3 |  4- 6 |  7- 9 || total
-------------------------+-------+-------+-------++-------
Melee: Unarmed           |    82 |   136 |    76 ||   294
       Punch             |     1 |     3 |     7 ||    11
  Use: Potion            |     1 |       |       ||     1
       Scroll            |       |     5 |       ||     5
 Stab: Sleeping          |     3 |     3 |       ||     6
  Eat: Chunk             |    15 |    19 |    20 ||    54
Armor: Robe              |    32 |    46 |    21 ||    99
Dodge: Dodged            |    47 |    89 |    38 ||   174
